 Dungeon Crawl Stone Soup version 0.31-a0-188-g5e087ee2ca (webtiles) character file.

Game seed: 8600780340342697947

198 qw the Skirmisher (level 5, -8/29 HPs)
             Began as a Deep Elf Hunter on June 23, 2023.
             Killed by divine providence
             ... invoked by an orc priest
              (14 damage)
             ... on level 3 of the Dungeon.
             The game lasted 00:00:48 (2278 turns).

qw the Skirmisher (Deep Elf Hunter)                 Turns: 2278, Time: 00:00:48

Health: -8/29      AC:  5    Str: 10    XL:     5   Next: 47%
Magic:  7/7        EV: 11    Int: 14    God:
Gold:   207        SH:  0    Dex: 18    Spells: 4/4 levels left

rFire   . . .        Y - +0 shortbow
rCold   . . .        (shield currently unavailable)
rNeg    . . .        i - +0 ring mail
rPois   .            (no helmet)
rElec   .            (no cloak)
rCorr   .            (no gloves)
SInv    .            (no boots)
Will    .....        (no amulet)
Stlth   +            (no ring)
HPRegen 0.24/turn    (no ring)
MPRegen 0.10/turn

%: no passive effects
@: no status effects
A: no striking features
a: no special abilities


You were on level 3 of the Dungeon.
You visited 1 branch of the dungeon, and saw 3 of its levels.

You collected 207 gold pieces.


   Skills:
 + Level 1.6 Fighting
 - Level 9.0 Ranged Weapons
 - Level 2.4 Dodging
 - Level 1.2 Stealth


You had 4 spell levels left.
You didn't know any spells.
Your spell library was empty.

Inventory:

Hand Weapons
 Y - a +0 shortbow (weapon)
Armour
 i - a +0 ring mail (worn)
Scrolls
 b - 2 scrolls of identify
 c - a scroll of enchant armour {unknown}
 f - a scroll of vulnerability {unknown}
Potions
 a - 2 potions of resistance {unknown}
 e - a potion of haste
 g - a potion of mutation {unknown}
 h - a potion of might {unknown}
 j - a potion of curing {unknown}

Dungeon Overview and Level Annotations

Branches:
Dungeon (3/15)

Altars:

Shops:
D:2 (


Message History

You shoot an arrow. The arrow hits the orc priest.
The orc priest is lightly wounded.
The orc priest hits you but does no damage.
You shoot an arrow.
The arrow hits the orc priest but does no damage.
The orc priest is lightly wounded.
The orc priest barely misses you.
You shoot an arrow. The arrow hits the orc priest.
The orc priest is moderately wounded.
The orc priest invokes the aid of Beogh against you.
Beogh smites you!
Ouch! That really hurt!
You shoot an arrow. The arrow hits the orc priest.
The orc priest is moderately wounded.
The orc priest invokes the aid of Beogh against you.
Beogh smites you!
2272 ||| DRINKING potion of heal wounds.
You feel much better.
The orc priest casts a cantrip, but nothing happens.
You shoot an arrow. The arrow hits the orc priest!
The orc priest is severely wounded.
The orc priest hits you but does no damage.
You shoot an arrow. The arrow hits the orc priest.
The orc priest is almost dead.
The orc priest hits you with a +0 dagger.
You shoot an arrow.
The arrow closely misses the orc priest.
The orc priest hits you with a +0 dagger.
You shoot an arrow.
The arrow hits the orc priest but does no damage.
The orc priest is almost dead.
The orc priest hits you with a +0 dagger.
You shoot an arrow.
The arrow closely misses the orc priest.
The orc priest calls down the wrath of Beogh upon you.
Beogh smites you! The orc priest barely misses you.
You shoot an arrow. The arrow barely misses the orc priest.
The orc priest calls down the wrath of Beogh upon you.
Beogh smites you!
You die...

#.....## +......# #### .
#......##### #... ..
#..........# #.##
...##.....####.######.##
..........'.............
..).......######...##'##
?.........# #........
......o@..### #........
.......)....# ##........
.....######.# #...#'#'##
##### #.# #...#...## #.#
#...##.... ######## #.#
#...##.... #......# #.#
#...###... #......#
###### #.###'#####...
#......# #....#
#.##.....##'#.


You could see an orc priest.

Vanquished Creatures
  An orc priest (D:3)
  Jessica (D:3)
  Natasha (D:2)
  5 adders
  2 worms (D:2)
  2 orcs (D:3)
  7 endoplasms
  10 giant cockroaches
  5 hobgoblins
  5 jackals
  3 quokkas
  A bat (D:2)
  2 frilled lizards
  7 goblins
  6 kobolds
  3 rats
61 creatures vanquished.

Notes
Turn   | Place    | Note
-------+----------+-------------------------------------------
     0 | D:1      | qw the Deep Elf Hunter began the quest for the Orb.
     0 | D:1      | Reached XP level 1. HP: 12/12 MP: 3/3
     0 | D:1      | 0 ||| qw: Version: 0.3-a-9-g12657ce
     0 | D:1      | 0 ||| qw: Game counter: 3248
     0 | D:1      | 0 ||| qw: Always use a shield: true
     0 | D:1      | 0 ||| qw: God list: Okawaru
     0 | D:1      | 0 ||| qw: Allow faded altars: false
     0 | D:1      | 0 ||| qw: Do Orc after D:15 true
     0 | D:1      | 0 ||| qw: Do second Lair branch before Depths: true
     0 | D:1      | 0 ||| qw: Lair rune preference: random
     0 | D:1      | 0 ||| qw: Plans: Normal
     0 | D:1      | 0 ||| PLANNING D:1-11
   125 | D:1      | Reached XP level 2. HP: 16/16 MP: 4/4
   130 | D:1      | Reached skill level 6 in Ranged Weapons
   602 | D:1      | 602 ||| DRINKING 2 grey potions.
   603 | D:1      | 603 ||| DROPPING scroll of butterflies.
   650 | D:2      | 650 ||| DROPPING +4 sling.
   763 | D:2      | Reached XP level 3. HP: 20/20 MP: 5/5
   827 | D:2      | Reached skill level 7 in Ranged Weapons
   873 | D:2      | Noticed Natasha
   882 | D:2      | Killed Natasha
   883 | D:2      | Reached XP level 4. HP: 11/25 MP: 6/6
  1512 | D:2      | Found Naihaisch's Antique Weapon Shoppe.
  1526 | D:2      | Reached skill level 8 in Ranged Weapons
  1529 | D:2      | 1529 ||| UPGRADING to +0 ring mail.
  1539 | D:2      | 1539 ||| DROPPING +0 leather armour.
  1540 | D:2      | 1540 ||| READING scroll labelled CANTUC KAGIATY.
  1541 | D:2      | 1541 ||| READING scroll labelled KOSIECV SAIRGHI.
  1542 | D:2      | 1542 ||| READING scroll labelled WARRECS CYSA.
  1543 | D:2      | 1543 ||| DRINKING 2 amethyst potions.
  1927 | D:3      | Noticed Jessica
  1933 | D:3      | Killed Jessica
  1934 | D:3      | Reached XP level 5. HP: 29/29 MP: 7/7
  2261 | D:3      | Reached skill level 9 in Ranged Weapons
  2271 | D:3      | HP: 1/29 [orc priest/divine providence (13)]
  2272 | D:3      | 2272 ||| DRINKING potion of heal wounds.
  2277 | D:3      | HP: 6/29 [orc priest/divine providence (13)]
  2278 | D:3      | Killed from afar by an orc priest

Levels and vault maps discovered:
D:1:      nicolae_arrival_washed_ashore, layout_loops_ring
D:2:      minmay_chambers_of_ones, layout_loops_ring, serial_shops, shop,
          uniq_natasha
D:3:      minmay_roachtagon, layout_basic, uniq_jessica

Skill      XL: |  1  2  3  4  5 |
---------------+----------------+-----
Ranged Weapons | 6 7 8 9 |  9.0
Fighting       | |  1.6
Dodging        | |  2.4
Stealth        | |  1.2

Action                     |  1- 3 |  4- 6 || total
---------------------------+-------+-------++-------
   Fire: Shortbow          |    82 |   112 ||   194
    Use: Potion            |     1 |     2 ||     3
         Scroll            |       |     3 ||     3
 Armour: Leather armour    |     7 |     1 ||     8
         Ring mail         |       |    22 ||    22
  Dodge: Dodged            |    13 |    35 ||    48

Table legend:
 A = Non-vault XP
 B = Vault XP
 C = Vault XP percentage of total XP
 D = Non-vault monster count
 E = Vault monster count
 F = Vault count percentage of total count
                 A         B        C        D         E       F
            +---------+---------+-------+---------+---------+-------
      Total |     171 |     112 |  39.6 |      45 |      16 |  26.2
            +---------+---------+-------+---------+---------+-------
        D:1 |      28 |       0 |   0.0 |      16 |       0 |   0.0
        D:2 |      69 |      57 |  45.2 |      17 |       6 |  26.1
        D:3 |      74 |      55 |  42.6 |      12 |      10 |  45.5
            +---------+---------+-------+---------+---------+-------
